 Dungeon Sprint DCSS version 0.30-a0-371-gad7725a93e (webtiles) character file.

Game seed: 3363193581628708148

1622 rocky1 the Thaumaturge (level 8, -2/103 HPs)
             Began as a Gnoll Warper on Nov 23, 2022.
             Was a Believer of Okawaru.
             Succumbed to a redback's poison
             ... in the Dungeon (Sprint VII: "The Pits").
             The game lasted 00:07:02 (1266 turns).

rocky1 the Thaumaturge (Gnoll Warper)               Turns: 1266, Time: 00:07:02

Health: -2/103     AC: 18    Str: 13    XL:     8   Next: 96%
Magic:  19/20      EV: 13    Int: 13    God:    Okawaru [**....]
Gold:   0          SH:  0    Dex: 11    Spells: 12/24 levels left

rFire   . . .      SeeInvis .    x - +2 halberd (protect)
rCold   . . .      Faith    .    (shield currently unavailable)
rNeg    . . .      Spirit   .    n - +3 ring mail
rPois   .          Reflect  .    (no helmet)
rElec   .          Harm     .    w - +0 cloak
rCorr   .          Rampage  .    (no gloves)
Will    .....      NoTele   +    (no boots)
Stlth   ..........               (no amulet)
HPRegen 0.37/turn                (no ring)
MPRegen 0.17/turn                (no ring)

@: berserking, lethally poisoned (-2 -> -25), under a protective aura, very
quick
A: fangs 1, strong nose, distributed training
a: Renounce Religion, Heroism


You were in the Dungeon.
You worshipped Okawaru.
Okawaru was pleased with you.
You visited 1 branch

Inventory:

Hand Weapons
 a - a +0 spear
 m - a +2 trident
 o - a +0 vorpal trident
 x - a +2 halberd of protection (weapon)
 y - a +2 vorpal dire flail
 z - a +2 war axe of freezing
 A - a +2 scimitar of flaming
 B - a +4 quarterstaff of speed
Missiles
 d - 7 boomerangs of dispersal (quivered)
 p - a curare-tipped dart
 C - a throwing net
Armour
 b - a +0 leather armour
 g - a +0 robe of resistance
 n - a +3 ring mail (worn)
 w - a +0 cloak (worn)
Jewellery
 q - a +3 ring of intelligence
 r - a +3 ring of evasion
Scrolls
 c - a scroll of blinking
 k - 5 scrolls of amnesia
 l - a scroll of summoning
Potions
 e - 5 potions of curing
 f - 3 potions of heal wounds
 h - 4 potions of magic
 i - 3 potions of berserk rage
 j - 2 potions of invisibility
 s - a potion of might
 t - a potion of resistance
 u - a potion of mutation
 v - a potion of haste


   Skills:
 + Level 8.7 Fighting
 + Level 7.3 Short Blades
 + Level 7.3 Long Blades
 + Level 7.3 Axes
 + Level 7.3 Maces & Flails
 + Level 8.7 Polearms
 + Level 7.3 Staves
 + Level 7.3 Ranged Weapons
 + Level 7.8 Throwing
 + Level 7.8 Armour
 + Level 8.7 Dodging
 + Level 7.3 Stealth
 + Level 7.3 Shields
 + Level 7.3 Unarmed Combat
 + Level 8.9 Spellcasting
 + Level 6.0 Conjurations
 + Level 6.0 Hexes
 + Level 6.0 Summonings
 + Level 6.0 Necromancy
 + Level 8.2 Translocations
 + Level 6.0 Transmutations
 + Level 6.0 Fire Magic
 + Level 6.0 Ice Magic
 + Level 6.0 Air Magic
 + Level 6.0 Earth Magic
 + Level 6.0 Poison Magic
 + Level 8.0 Invocations
 + Level 7.3 Evocations


You had 12 spell levels left.
You knew the following spells:

 Your Spells              Type           Power      Damage    Failure   Level
a - Blink                 Tloc           54%        N/A       1%          2
b - Vhi's Electric Charg  Tloc/Air       48%        N/A       3%          3
c - Manifold Assault      Tloc           27%        N/A       8%          4
d - Lesser Beckoning      Tloc           54%        N/A       2%          3

Your spell library contained the following spells:

 Spells                   Type           Power      Damage    Failure   Level
 Teleport Other           Tloc           27%        N/A       2%          3


Dungeon Overview and Level Annotations

Branches:
Dungeon (1/1)

Altars:
Ashenzari
Cheibriados
Dithmenos
Elyvilon
Fedhas
Gozag
Hepliaklqana
Kikubaaqudgha
Makhleb
Nemelex Xobeh
Okawaru
Qazlal
Ru
Sif Muna
Trog
Uskayaw
Vehumet
Wu Jian
Xom
Yredelemnul
Zin
The Shining One
Jiyva
Lugonu


Innate Abilities, Weirdness & Mutations

You have very sharp teeth.
Your uncanny sense of smell can sniff out nearby items.
Your experience applies equally to all skills.


Message History

The redback bites you.
* * * LOW HITPOINT WARNING * * *
The redback bites you but does no damage.
You feel better. The redback bites you!
* * * LOW HITPOINT WARNING * * *
You are lethally poisoned!
The redback poisons you!
You feel better.
The redback bites you but does no damage.
The redback completely misses you.
You feel much better. The redback bites you.
A red film seems to cover your vision as you go berserk!
You feel yourself moving faster!
You feel mighty! The redback bites you!
You are poisoned.
The redback poisons you! The redback bites you!
You miss the redback.
The redback is moderately wounded.
You feel extremely sick.
The necromancer mumbles some strange words.
The necromancer binds the souls of nearby monsters.
The flayed ghost hits you!!
* * * LOW HITPOINT WARNING * * *
The redback bites you.
* * * LOW HITPOINT WARNING * * *
You hit the redback.
Your weapon exudes an aura of protection.
The redback is heavily wounded.
* * * LOW HITPOINT WARNING * * *
You feel extremely sick. The flayed ghost closely misses you.
The redback barely misses you.
You slash the redback! You bite the redback.
The redback is almost dead.
* * * LOW HITPOINT WARNING * * *
You feel very sick. The redback barely misses you.
The flayed ghost cries, "Suffer as I suffered!"
Unknown command.
You completely miss the redback.
The redback is almost dead.
You die...

∆ ∆ ∆ ∆ ∆∆ ∆ .. ∆∆ WZ
##########++########## ∆ Z.
#...............@##..# pZ
#......#..#...ZWs##..# ..
#...............pZ'..# ..
'................''..##########Z.
#......#..#......##...ZW.......W.
#................##...p...ZW...Z.
####'#####++#####################
#.......# #.......# ∆


You could see a flayed ghost, a necromancer, a redback (soul bound), a bat
zombie and a giant cockroach zombie.

Vanquished Creatures
  Harold (D)
  2 kobold demonologists (D)
  A wolf (D)
  2 phantoms (D)
  A kobold brigand (D)
  A scorpion (D)
  A quasit (D)
  An orc priest (D)
  An iron imp (D)
  A hell rat (D)
  A gnoll (D)
  2 adders (D)
  2 orcs (D)
  A bat skeleton (D)
  An endoplasm (D)
  A giant cockroach (D)
  2 hobgoblins (D)
  4 jackals (D)
  4 kobolds (D)
  A ball python (D)
  3 bats (D)
  A rat (D)
35 creatures vanquished.

Notes
Turn   | Place    | Note
-------+----------+-------------------------------------------
     0 | D        | rocky1 the Gnoll Warper began the quest for the Orb.
     0 | D        | Reached XP level 1. HP: 20/20 MP: 6/6
    48 | D        | Found a bloodstained altar of Trog.
    48 | D        | Found a shimmering blue altar of Sif Muna.
    48 | D        | Found a viscous altar of Jiyva.
    48 | D        | Found a hazy altar of Hepliaklqana.
    48 | D        | Found an opulent altar of Gozag.
    49 | D        | Found a glowing golden altar of the Shining One.
    49 | D        | Found a glowing silver altar of Zin.
    49 | D        | Found a basalt altar of Yredelemnul.
    49 | D        | Found a shimmering altar of Xom.
    49 | D        | Found an ornate altar of the Wu Jian Council.
    49 | D        | Found a sacrificial altar of Ru.
    49 | D        | Found a stormy altar of Qazlal.
    49 | D        | Found an iron altar of Okawaru.
    49 | D        | Found a sparkling altar of Nemelex Xobeh.
    49 | D        | Found a burning altar of Makhleb.
    49 | D        | Found a blossoming altar of Fedhas.
    49 | D        | Found a white marble altar of Elyvilon.
    49 | D        | Found a shadowy altar of Dithmenos.
    49 | D        | Found a snail-covered altar of Cheibriados.
    51 | D        | Found a radiant altar of Vehumet.
    51 | D        | Found a corrupted altar of Lugonu.
    52 | D        | Found a hide-covered altar of Uskayaw.
    52 | D        | Found an ancient bone altar of Kikubaaqudgha.
    52 | D        | Found a broken altar of Ashenzari.
    57 | D        | Became a worshipper of Warmaster Okawaru
    71 | D        | Noticed a scorpion
    74 | D        | Killed a scorpion
    74 | D        | Reached * piety under Okawaru
    75 | D        | Reached skill level 5 in Fighting
    75 | D        | Reached skill level 5 in Polearms
    75 | D        | Reached skill level 5 in Dodging
    75 | D        | Reached skill level 5 in Spellcasting
    75 | D        | Reached XP level 2. HP: 24/27 MP: 6/8
    75 | D        | Reached XP level 3. HP: 29/33 MP: 7/10
    75 | D        | Reached XP level 4. HP: 35/39 MP: 7/11
   112 | D        | Learned a level 2 spell: Blink
   116 | D        | Learned a level 3 spell: Vhi's Electric Charge
   121 | D        | Learned a level 4 spell: Manifold Assault
   125 | D        | Learned a level 3 spell: Lesser Beckoning
   347 | D        | Reached XP level 5. HP: 22/46 MP: 10/13
   572 | D        | Noticed a phantom
   579 | D        | Killed a phantom
   580 | D        | Reached skill level 5 in Throwing
   580 | D        | Reached skill level 5 in Armour
   580 | D        | Reached XP level 6. HP: 45/53 MP: 11/15
   590 | D        | Reached skill level 5 in Invocations
   619 | D        | Reached skill level 5 in Short Blades
   619 | D        | Reached skill level 5 in Long Blades
   619 | D        | Reached skill level 5 in Axes
   619 | D        | Reached skill level 5 in Maces & Flails
   619 | D        | Reached skill level 5 in Staves
   619 | D        | Reached skill level 5 in Ranged Weapons
   619 | D        | Reached skill level 5 in Stealth
   619 | D        | Reached skill level 5 in Shields
   619 | D        | Reached skill level 5 in Unarmed Combat
   619 | D        | Reached skill level 5 in Evocations
   619 | D        | Reached XP level 7. HP: 18/60 MP: 14/17
   760 | D        | Noticed a kobold demonologist
   760 | D        | Noticed a kobold demonologist
   796 | D        | Noticed a neqoxec
   797 | D        | Noticed an ice devil
   807 | D        | Noticed a smoke demon
   809 | D        | Killed a kobold demonologist
   809 | D        | Reached ** piety under Okawaru
   811 | D        | Noticed a smoke demon
   815 | D        | Killed a kobold demonologist
   816 | D        | Reached skill level 5 in Conjurations
   816 | D        | Reached skill level 5 in Hexes
   816 | D        | Reached skill level 5 in Summonings
   816 | D        | Reached skill level 5 in Necromancy
   816 | D        | Reached skill level 5 in Transmutations
   816 | D        | Reached skill level 5 in Fire Magic
   816 | D        | Reached skill level 5 in Ice Magic
   816 | D        | Reached skill level 5 in Air Magic
   816 | D        | Reached skill level 5 in Earth Magic
   816 | D        | Reached skill level 5 in Poison Magic
   816 | D        | Reached XP level 8. HP: 68/68 MP: 18/20
   989 | D        | Noticed Harold
  1016 | D        | Killed Harold
  1229 | D        | Noticed a flayed ghost
  1229 | D        | Noticed a necromancer
  1257 | D        | HP: 1/69 [redback (5)]
  1265 | D        | HP: 2/103 [poisoned by a redback]
  1266 | D        | Succumbed to a redback's poison

Illustrated notes

Levels and vault maps discovered:
D:        pitsprint [storerooms_1, entrance_room_1, metal_vault_3, armoury_2,
          mini_pit_1, grid_room_1, main_hall_1, silver_pit, the_coven_3,
          the_vestibule_1, steel_vault_5, golden_pit, hallway_of_sentries,
          crystal_vault_6, iron_vault_4, final_vault]

Skill      XL: |  1  2  3  4  5  6  7  8 |
---------------+-------------------------+-----
Fighting       | 5 6 7 8 |  8.7
Short Blades   | 2 3 4 5 6 7 |  7.3
Long Blades    | 2 3 4 5 6 7 |  7.3
Axes           | 2 3 4 5 6 7 |  7.3
Maces & Flails | 2 3 4 5 6 7 |  7.3
Polearms       | 5 6 7 8 |  8.7
Staves         | 2 3 4 5 6 7 |  7.3
Ranged Weapons | 2 3 4 5 6 7 |  7.3
Throwing       | 3 4 5 7 |  7.8
Armour         | 3 4 5 7 |  7.8
Dodging        | 5 6 7 8 |  8.7
Stealth        | 2 3 4 5 6 7 |  7.3
Shields        | 2 3 4 5 6 7 |  7.3
Unarmed Combat | 2 3 4 5 6 7 |  7.3
Spellcasting   | 5 6 7 8 |  8.9
Conjurations   | 2 3 4 5 6 |  6.0
Hexes          | 2 3 4 5 6 |  6.0
Summonings     | 2 3 4 5 6 |  6.0
Necromancy     | 2 3 4 5 6 |  6.0
Transmutations | 2 3 4 5 6 |  6.0
Fire Magic     | 2 3 4 5 6 |  6.0
Ice Magic      | 2 3 4 5 6 |  6.0
Air Magic      | 2 3 4 5 6 |  6.0
Earth Magic    | 2 3 4 5 6 |  6.0
Poison Magic   | 2 3 4 5 6 |  6.0
Invocations    | 2 3 4 5 7 8 |  8.0
Evocations     | 2 3 4 5 6 7 |  7.3
Translocations | 6 7 8 |  8.2

Action                   |  1- 3 |  4- 6 |  7- 9 || total
-------------------------+-------+-------+-------++-------
Melee: Spear             |     5 |       |       ||     5
       Trident           |     3 |   104 |    56 ||   163
       Bite              |       |     7 |     7 ||    14
       Punch             |       |     4 |     1 ||     5
       Halberd           |       |       |    36 ||    36
 Cast: Manifold Assault  |       |       |     1 ||     1
       Vhi's Electric Ch |       |       |     1 ||     1
Invok: Heroism           |       |     4 |     3 ||     7
  Use: Potion            |       |     1 |    10 ||    11
       Scroll            |       |       |     1 ||     1
 Stab: Sleeping          |       |     3 |     1 ||     4
Armor: Leather armour    |     1 |     4 |       ||     5
       Ring mail         |       |    15 |    37 ||    52
Dodge: Dodged            |     5 |    72 |    75 ||   152

Table legend: (Time is in decaauts)
 A = Elapsed time spent in this place.
 B = Non-inter-level travel time spent in this place.
 C = Inter-level travel time spent in this place.
 D = Time resting spent in this place.
 E = Time spent auto-exploring this place.
 F = Levels seen in this place.
 G = Mean time per level.
                   A        B        C        D        E       F      G
               +--------+--------+--------+--------+--------+-----+--------+
         Total |   1229 |   1166 |     63 |    656 |      0 |   1 | 1229.0 |
       Dungeon |   1229 |   1166 |     63 |    656 |      0 |   1 | 1229.0 |
               +--------+--------+--------+--------+--------+-----+--------+

Top non-repeatable levels by time:
       D: 1229 daAuts
